Map: Mothership LE

Players

Oardeau

  • Race: Zerg Zerg
  • League: Master
  • Spawn Location: 6:00

SCIInewby - Winner!

  • Race: Zerg Zerg
  • League: Master
  • Spawn Location: 9:00

VOD

Have the link to the VOD?

Description

Time

  • Played on: Feb. 6, 2026, 8:40 p.m.
  • Length: 5:33
Show
View Real Time Build Order
Export as new Build Order

Oardeau Zerg 

Build Orders: Pool Only 

Get SALT Encoding   

  12  0:21  Spawning Pool  
  12  0:22  Drone  
  12  0:26  Drone  
  13  0:35  Overlord  
  13  0:44  Drone  
  13  0:49  Extractor  
  13  0:50  Drone  
  14  1:14  Queen  
  14  1:17  Zergling x2  
  14  1:18  Zergling x4  
  19  2:10  Roach Warren, Zergling x2  
  19  2:11  Zergling x4  
  21  2:57  Spine Crawler  
  18  3:14  Metabolic Boost  
  14  3:55  Spine Crawler  
  14  3:56  Spine Crawler  
  14  3:57  Spine Crawler x2, Drone x4  
  14  3:58  Spine Crawler  
  14  4:01  Spine Crawler  
  6  4:46  Queen  
Show
View Real Time Build Order
Export as new Build Order

SCIInewby Zerg - Winner!

Build Orders: Pool First 

Get SALT Encoding   

  12  0:00  Drone  
  13  0:08  Drone  
  13  0:14  Extractor  
  13  0:16  Drone  
  15  0:23  Overlord  
  15  0:44  Spawning Pool, Extractor  
  15  0:46  Drone  
  14  0:50  Drone  
  14  0:54  Drone  
  16  1:12  Drone  
  16  1:13  Drone  
  18  1:26  Hatchery  
  18  1:31  Drone  
  18  1:35  Zergling x2  
  19  1:46  Queen  
  19  1:51  Drone  
  22  1:56  Extractor  
  22  2:00  Metabolic Boost  
  21  2:10  Zergling x2  
  22  2:20  Roach Warren, Zergling x2  
  22  2:27  Overlord  
  21  2:40  Zergling x6  
  24  2:50  Drone x2  
  26  2:55  Zergling x2  
  27  3:04  Zergling x2  
  24  3:16  Zergling x4  
  21  3:31  Spine Crawler  
  21  3:33  Spine Crawler  
  21  3:34  Zergling x8  
  21  3:54  Zergling x2  
  21  3:55  Zergling x6  
  25  3:59  Drone  
  26  4:18  Evolution Chamber  
  23  4:32  Zergling x6  
  23  4:33  Zergling x4  
  24  4:43  Zergling x2  
  23  4:54  Zergling x2  
  23  4:55  Zergling x2  
Tags
 
Matchup
ZvZ
Race
Zerg
Replay Pack
Multiplayer
Spawn Locations
Close Positions
Add a new tag
Caveats
  • Supply blocks, unpowered buildings, or Contaminate may cause inaccurate times.
  • Supply counts are checked every 10 seconds.